 Dungeon Crawl Stone Soup version 0.25.1-2-g60ff931df9 (webtiles) character file.

Game seed: 5110928947801420781

5210 Johnny the Spear-Bearer (level 10, -7/78 HPs)
             Began as a Demigod Gladiator on Aug 20, 2020.
             Splashed by a brown ugly thing's acid (8 damage)
             ... on level 9 of the Dungeon.
             The game lasted 00:10:05 (10557 turns).

Johnny the Spear-Bearer (Demigod Gladiator)        Turns: 10557, Time: 00:10:05

Health: -7/78      AC:  0    Str: 23    XL:     10   Next: 13%
Magic:  13/13      EV:  9    Int: 12    God:
Gold:   345        SH:  0    Dex: 17    Spells: 9/9 levels left

rFire    . . .     SeeInvis .   d - +3 halberd
rCold    + . .     Gourm    .   (shield currently unavailable)
rNeg     . . .     Faith    .   k - +0 chain mail
rPois    +         Spirit   .   c - +0 helmet
rElec    .         Reflect  .   j - +0 cloak
rCorr    .         Harm     .   a - +0 pair of gloves
MR       +....                  m - +0 pair of boots
Stlth    ..........             w - amulet of Byropumo {Acrobat rPois}
HPRegen  0.23/turn              l - ring of poison resistance
MPRegen  0.13/turn              F - ring of protection from cold

@: corroded
A: high mp 1
a: no special abilities


You were on level 9 of the Dungeon.
You were very hungry.

You visited 1 branch of the dungeon, and saw 9 of its levels.
You also visited: Sewer.

You collected 345 gold pieces.

Inventory:

Hand Weapons
 d - a +3 halberd (weapon)
 x - a +2 trident of flaming
 A - a +2 spear of flaming
Missiles
 u - 3 throwing nets (quivered)
Armour
 a - a +0 pair of gloves (worn)
 c - a +0 helmet (worn)
 j - a +0 cloak (worn)
 k - a +0 chain mail (worn)
 m - a +0 pair of boots (worn)
Jewellery
 l - a ring of poison resistance (left hand)
 w - the amulet of Byropumo (around neck) {Acrobat rPois}
   (You found it on level 4 of the Dungeon)

   [amulet of the acrobat]

   It helps you evade while moving and waiting.
   It protects you from poison.
 F - a ring of protection from cold (right hand)
Wands
 t - a wand of flame (21)
Scrolls
 e - 4 scrolls of remove curse
 g - 3 scrolls of fog
 i - 3 scrolls of fear
 n - 3 scrolls of blinking
 o - 2 scrolls of immolation
 q - a scroll of amnesia {unknown}
 r - 2 scrolls of enchant armour {unknown}
 y - 2 scrolls of magic mapping
 z - a scroll of noise {unknown}
 E - a scroll of acquirement {unknown}
Potions
 b - a potion of flight
 h - 2 potions of heal wounds
 p - a potion of magic
 s - 4 potions of might
 v - 2 potions of degeneration
 B - a potion of mutation {unknown}
 G - a potion of berserk rage {unknown}
 I - a potion of curing
 J - a potion of ambrosia {unknown}
Comestibles
 f - 18 rations


   Skills:
 - Level 4.1 Fighting
 * Level 13.4 Polearms
 - Level 1.7 Throwing
 - Level 2.6 Dodging


You had 9 spell levels left.
You didn't know any spells.
Your spell library contained the following spells:

 Spells                   Type           Power        Failure   Level  Hunger
 Beastly Appendage        Tmut           #.....       97%         1    ##.....
 Sticks to Snakes         Tmut           #.......     99%         2    ###....
 Spider Form              Tmut/Pois      #.........   100%        3    ####...
 Ice Form                 Ice/Tmut       #.......     100%        4    #####..
 Blade Hands              Tmut           #.........   100%        5    ######.


Dungeon Overview and Level Annotations

Branches:
Dungeon (9/15)             Temple (0/1) D:5            Lair (0/6) D:9
  Sewer (visited)
    Orc: D:9-12


Innate Abilities, Weirdness & Mutations

You have an increased reservoir of magic. (+10% MP)


Message History

The brown ugly thing is almost dead.
The brown ugly thing tentacle-slaps you.
You are splashed with acid!
You barely miss the brown ugly thing.
The brown ugly thing is almost dead.
The brown ugly thing tentacle-slaps you.
* * * LOW HITPOINT WARNING * * *
You are splashed with acid!
* * * LOW HITPOINT WARNING * * *
Unknown command.
Unknown command.
Attack whom?
Press: ? - help, Dir - move target cursor, f/p - brown ugly thing
Aim: a brown ugly thing (almost dead)
You hit the brown ugly thing but do no damage.
The brown ugly thing is almost dead.
The brown ugly thing tentacle-slaps you!
* * * LOW HITPOINT WARNING * * *
The acid corrodes you!
You are splashed with acid!
You die...

.....######.#......#
.....# #.#......# .....#
#.#......##### .....#
#.#..........# .....#
#.'..........# .....#
#.#..........#
.....######.#..........#
............#.###u#)...#
............#.#.@.#....#
........>...#.#...#....#
............#.#...#....#
....).......#.#...#....#
............#.#####....#
#############. ....#
...... ...... ......


You could see a brown ugly thing.

Vanquished Creatures
  A hydra (D:8)
  A two-headed ogre (D:9)
  A troll (D:9)
  A hornet (D:7)
  2 dream sheep (D:8)
  A hippogriff (D:9)
  2 yaks (D:8)
  A sky beast (D:6)
  2 phantoms
  2 ogres
  2 centaurs
  2 bullfrogs (D:6)
  4 big kobolds
  A wyvern zombie (D:7)
  A water moccasin skeleton (D:9)
  4 killer bees
  5 wights (D:7)
  3 electric eels (D:9)
  3 centaur zombies
  2 crimson imps (D:5)
  A bullfrog zombie (D:7)
  6 hounds
  A jelly (D:7)
  A gnoll shaman (D:4)
  An orc priest (D:6)
  A centaur skeleton (D:6)
  3 iguanas
  6 orc wizards
  3 worker ants
  A worker ant zombie (D:5)
  3 gnolls (D:4)
  A howler monkey skeleton (D:6)
  5 adders
  A river rat (Sewer)
  6 shadow imps
  3 worms
  A dart slug (D:1)
  6 leopard geckos
  14 orcs
  2 ball pythons
  5 bats
  5 giant cockroaches
  11 goblins
  3 hobgoblins
  18 jackals
  6 kobolds
  5 quokkas
  2 frilled lizards
  A quokka skeleton (D:7)
  13 rats
176 creatures vanquished.

Notes
Turn   | Place    | Note
-------+----------+-------------------------------------------
     0 | D:1      | Johnny the Demigod Gladiator began the quest for the Orb.
     0 | D:1      | Reached XP level 1. HP: 17/17 MP: 3/3
   159 | D:1      | Reached skill level 3 in Polearms
   316 | D:1      | Reached XP level 2. HP: 24/24 MP: 4/4
   407 | D:1      | You fall into a shaft and drop 1 floor!
   458 | D:2      | Found a shattered altar of Ashenzari.
   767 | D:1      | Reached XP level 3. HP: 20/30 MP: 5/5
  2071 | D:3      | Reached skill level 4 in Polearms
  2367 | D:3      | Reached XP level 4. HP: 37/37 MP: 6/6
  2579 | D:3      | Found a glowing drain.
  2588 | Sewer    | Entered a sewer
  2918 | Sewer    | Noticed a big kobold
  2991 | Sewer    | Killed a big kobold
  2991 | Sewer    | Reached XP level 5. HP: 27/45 MP: 7/7
  3154 | Sewer    | Found a white marble altar of Elyvilon.
  3309 | D:4      | Got a transparent brass amulet
  3310 | D:4      | Identified the amulet of Byropumo {Acrobat rPois} (You
                  | found it on level 4 of the Dungeon)
  3572 | D:4      | Reached skill level 5 in Polearms
  3666 | D:4      | Found a glowing golden altar of the Shining One.
  4039 | D:4      | HP: 2/45 [gnoll/+0 flail (3)]
  4343 | D:5      | Entered Level 5 of the Dungeon
  4346 | D:5      | Found a burning altar of Makhleb.
  4353 | D:5      | Reached XP level 6. HP: 50/52 MP: 8/8
  4666 | D:5      | Reached skill level 6 in Polearms
  4854 | D:5      | Found a staircase to the Ecumenical Temple.
  5274 | D:5      | Found a shimmering blue altar of Sif Muna.
  5280 | D:5      | Found an ancient bone altar of Kikubaaqudgha.
  5283 | D:5      | Found a sparkling altar of Nemelex Xobeh.
  5331 | D:6      | Reached XP level 7. HP: 55/59 MP: 9/9
  5466 | D:6      | Reached skill level 7 in Polearms
  6344 | D:6      | Reached skill level 8 in Polearms
  6782 | D:6      | Reached XP level 8. HP: 66/66 MP: 10/10
  7170 | D:7      | Noticed a hornet
  7186 | D:7      | Killed a hornet
  7186 | D:7      | Reached skill level 9 in Polearms
  7746 | D:7      | Reached skill level 10 in Polearms
  9018 | D:8      | Found a sacrificial altar of Ru.
  9245 | D:8      | Noticed a dream sheep
  9245 | D:8      | Noticed a dream sheep
  9268 | D:8      | Killed a dream sheep
  9268 | D:8      | Reached skill level 11 in Polearms
  9268 | D:8      | Reached XP level 9. HP: 38/71 MP: 11/11
  9280 | D:8      | Noticed a three-headed hydra
  9803 | D:8      | Killed a three-headed hydra
  9803 | D:8      | Reached skill level 12 in Polearms
 10104 | D:9      | Noticed a two-headed ogre
 10115 | D:9      | Killed a two-headed ogre
 10228 | D:9      | Reached skill level 13 in Polearms
 10258 | D:9      | Reached XP level 10. HP: 42/78 MP: 13/13
 10448 | D:9      | Found a staircase to the Lair.
 10530 | D:9      | Noticed a brown ugly thing
 10557 | D:9      | HP: 1/78 [brown ugly thing (10)]
 10557 | D:9      | Splashed by a brown ugly thing's acid

Illustrated notes

Levels and vault maps discovered:
D:1:      minmay_arrival_jagged, layout_loops_ring, minivault_4,
          minmay_misc_feat_plants, chequers_serial_rivers_room_a,
          nrook_mini_backslash
D:2:      layout_loops_ring, evilmike_ruin_ashenzari
D:3:      layout_basic, cheibrodos_sewer_entry_bend
D:4:      layout_basic, tso_metal_star, first_ration
D:5:      layout_gridville, grunt_temple_overflow_diamond,
          minmay_temple_entry_ruins, makhleb_heckhound_becter
D:6:      layout_basic
D:7:      layout_cave_pods
D:8:      layout_loops_ring, old_standard_altar, hangedman_ranch
          [blue_anna_fruit_fields], minivault_10, small_statue_intersection
D:9:      layout_irregular_city, erik_lair_island, erik_orc_1,
          dk_noncrumbling_3, serial_bayou_lagoon_a, uniq_joseph

Skill      XL: |  1  2  3  4  5  6  7  8  9 |
---------------+----------------------------+-----
Fighting       | 2 3 4 |  4.1
Polearms       | 3 4 5 6 8 11 13 | 13.4
Throwing       | |  1.7
Dodging        | |  2.6

Action                   |  1- 3 |  4- 6 |  7- 9 | 10-12 || total
-------------------------+-------+-------+-------+-------++-------
Melee: Trident           |   168 |   137 |    16 |       ||   321
       Halberd           |       |    98 |   307 |    44 ||   449
Throw: Throwing net      |       |       |     3 |       ||     3
Evoke: Wand              |       |    11 |    31 |       ||    42
  Use: Potion            |       |     3 |     8 |       ||    11
       Scroll            |       |     2 |    15 |       ||    17
 Stab: Sleeping          |     2 |       |       |       ||     2
       Held in net/web   |       |       |     2 |       ||     2
  Eat: Chunk             |     5 |     6 |     9 |       ||    20
       Ration            |       |     1 |     2 |       ||     3
Armor: Leather armour    |    35 |       |       |       ||    35
       Chain mail        |    32 |   136 |   128 |    13 ||   309
       Skin              |       |    28 |    87 |       ||   115
Dodge: Dodged            |    77 |   129 |   120 |    12 ||   338
